 Dungeon Crawl Stone Soup version 0.28-a0-1518-gbe868bca14 (webtiles) character file.

Game seed: 5231702247415669070

973 sanka the Conjurer (level 8, 0/58 HPs)
             Began as a Gnoll Conjurer on Jan 16, 2022.
             Slain by a centaur skeleton (1 damage)
             ... on level 6 of the Dungeon.
             The game lasted 00:07:16 (5259 turns).

sanka the Conjurer (Gnoll Conjurer)                 Turns: 5259, Time: 00:07:20

Health: 0/58       AC:  3    Str:  8    XL:     8   Next: 16%
Magic:  4/16       EV: 13    Int: 19    God:
Gold:   335        SH:  0    Dex: 10    Spells: 15/18 levels left

rFire   . . .      SeeInvis .   f - +1 mace (venom)
rCold   . . .      Faith    .   (no shield)
rNeg    . . .      Spirit   .   a - +0 robe
rPois   .          Reflect  .   (no helmet)
rElec   .          Harm     .   (no cloak)
rCorr   .          Rampage  .   n - +0 pair of gloves
Will    .....                   (no boots)
Stlth   +++.......              m - amulet of magic regeneration
HPRegen 0.19/turn               (no ring)
MPRegen 0.55/turn               (no ring)

@: no status effects
A: fangs 1, strong nose, distributed training
a: no special abilities


You were on level 6 of the Dungeon.
You visited 2 branches of the dungeon, and saw 7 of its levels.

You collected 335 gold pieces.


Innate Abilities, Weirdness & Mutations

You have very sharp teeth.
Your uncanny sense of smell can sniff out nearby items.
Your experience applies equally to all skills.


   Skills:
 + Level 3.0 Fighting
 + Level 3.0 Short Blades
 + Level 3.0 Long Blades
 + Level 3.0 Axes
 + Level 3.0 Maces & Flails
 + Level 3.0 Polearms
 + Level 3.0 Staves
 + Level 3.0 Slings
 + Level 3.0 Bows
 + Level 3.0 Crossbows
 + Level 3.0 Throwing
 + Level 3.0 Armour
 + Level 5.5 Dodging
 + Level 5.2 Stealth
 + Level 3.0 Shields
 + Level 3.0 Unarmed Combat
 + Level 5.9 Spellcasting
 + Level 7.5 Conjurations
 + Level 2.4 Hexes
 + Level 2.4 Summonings
 + Level 2.4 Necromancy
 + Level 2.4 Translocations
 + Level 2.4 Transmutations
 + Level 2.4 Fire Magic
 + Level 2.4 Ice Magic
 + Level 2.4 Air Magic
 + Level 2.4 Earth Magic
 + Level 2.4 Poison Magic
 + Level 3.3 Invocations
 + Level 3.0 Evocations


You had 15 spell levels left.
You knew the following spells:

 Your Spells              Type           Power      Damage    Failure   Level
x - Searing Ray           Conj           68%        2d6       1%          2
z - Magic Dart            Conj           100%       1d8       1%          1

Your spell library contained the following spells:

 Spells                   Type           Power      Damage    Failure   Level
 Dazzling Flash           Conj/Hex       48%        N/A       4%          3
 Fulminant Prism          Conj/Hex       12%        3d9       14%         4
 Iskenderun's Mystic Bla  Conj/Tloc      24%        2d7       14%         4

Inventory:

Hand Weapons
 f - a +1 mace of venom (weapon)
 i - a +0 morningstar
 l - a +0 halberd
Armour
 a - a +0 robe (worn)
 n - a +0 pair of gloves (worn)
Jewellery
 m - an amulet of magic regeneration (around neck)
Scrolls
 c - 2 scrolls of fear {unknown}
 d - 5 scrolls of identify {unknown}
 e - a scroll of vulnerability {unknown}
 h - a scroll of summoning {unknown}
 o - a scroll of magic mapping {unknown}
 r - a scroll of acquirement {unknown}
 s - a scroll of enchant weapon {unknown}
Potions
 b - 4 potions of curing {unknown}
 g - 2 potions of brilliance {unknown}
 j - a potion of might {unknown}
 k - 2 potions of lignification {unknown}
 p - a potion of heal wounds {unknown}
 q - a potion of ambrosia {unknown}

Dungeon Overview and Level Annotations

Branches:
Dungeon (6/15)             Temple (1/1) D:5

Altars:
Fedhas
Gozag
Hepliaklqana
Kikubaaqudgha
Nemelex Xobeh
Qazlal
Ru
Sif Muna
Trog
Vehumet
Xom
Zin

Annotations:
D:6 Maggie

▒.▒▒ ▒...
..... ... ▒
....▒▒ ▒.▒)▒▒
▒.▒
▒.▒▒.Z.o▒.....
▒...)g@.▒
▒..▒▒▒▒▒▒.▒ ▒


You could see Maggie, an orc and a centaur skeleton.


Message History

You break out of your daze.
The centaur skeleton completely misses you.
The centaur skeleton kicks you.
* * * LOW HITPOINT WARNING * * *
Maggie barely misses you. The orc misses you.
The centaur skeleton hits you but does no damage.
The centaur skeleton barely misses you.
The searing ray hits Maggie!
Maggie is almost dead.
Maggie misses you.
The centaur skeleton closely misses you.
The centaur skeleton kicks you but does no damage.
The orc closely misses you.
The searing ray misses Maggie.
You finish channelling your searing ray.
Maggie hits you with a +0 long sword.
* * * LOW HITPOINT WARNING * * *
The centaur skeleton hits you.
* * * LOW HITPOINT WARNING * * *
The centaur skeleton closely misses you.
The orc barely misses you.
Aiming: Searing Ray (safe; 1% risk of failure)
Aim: Maggie, wielding a +0 long sword and wearing +1 acid dragon scales (almost dead, 81% to hit)
The searing ray hits Maggie but does no damage.
Maggie is almost dead. (Press . to maintain the ray.)
The centaur skeleton misses you. The centaur skeleton kicks you.
You die...

Action                   |  1- 3 |  4- 6 |  7- 9 || total
-------------------------+-------+-------+-------++-------
Melee: Mace              |     2 |    10 |     2 ||    14
       Unarmed           |     1 |       |       ||     1
       Bite              |     1 |       |       ||     1
 Cast: Magic Dart        |    50 |   125 |    59 ||   234
       Searing Ray       |     1 |    12 |    14 ||    27
Armor: Robe              |     5 |     3 |     9 ||    17
Dodge: Dodged            |    10 |    21 |    55 ||    86

Levels and vault maps discovered:
D:1:      dpeg_arrival_round_a, layout_loops_ring,
          shapermc_ecumenical_altar_venn
D:2:      layout_basic, minmay_lizard_pond, uniq_natasha, uniq_jessica
D:3:      layout_rooms, guppyfry_early_orc_mine
D:4:      layout_basic, amethyst_killhole, uniq_grinder, uniq_eustachio
D:5:      layout_loops_ring, mainiacjoe_overflow_chevrons,
          mainiacjoe_overflow_concentric_impassable,
          mainiacjoe_overflow_small_starburst, temple_hall_moat, fountainhead,
          kennysheep_minor_cross
D:6:      layout_loops_ring, mainiacjoe_overflow_alcove_3, gup_sewer_entry_pipe,
          nicolae_underground_beach, uniq_maggie, uniq_menkaure
Temple:   nicolae_temple_figure_zero

Notes
Turn   | Place    | Note
-------+----------+-------------------------------------------
     0 | D:1      | sanka the Gnoll Conjurer began the quest for the Orb.
     0 | D:1      | Reached XP level 1. HP: 13/13 MP: 6/6
   253 | D:1      | Reached XP level 2. HP: 19/19 MP: 4/7
   264 | D:1      | Learned a level 2 spell: Searing Ray
   309 | D:1      | Found a faded altar of an unknown god.
  1151 | D:2      | HP: 1/20 [worm (11)]
  1471 | D:2      | Reached skill level 5 in Spellcasting
  1471 | D:2      | Reached XP level 3. HP: 25/25 MP: 3/9
  1590 | D:2      | Noticed Natasha
  1594 | D:2      | Killed Natasha
  1595 | D:2      | Reached skill level 1 in Fighting
  1595 | D:2      | Reached skill level 1 in Short Blades
  1595 | D:2      | Reached skill level 1 in Long Blades
  1595 | D:2      | Reached skill level 1 in Axes
  1595 | D:2      | Reached skill level 1 in Maces & Flails
  1595 | D:2      | Reached skill level 1 in Polearms
  1595 | D:2      | Reached skill level 1 in Staves
  1595 | D:2      | Reached skill level 1 in Slings
  1595 | D:2      | Reached skill level 1 in Bows
  1595 | D:2      | Reached skill level 1 in Crossbows
  1595 | D:2      | Reached skill level 1 in Throwing
  1595 | D:2      | Reached skill level 1 in Armour
  1595 | D:2      | Reached skill level 1 in Shields
  1595 | D:2      | Reached skill level 1 in Unarmed Combat
  1595 | D:2      | Reached skill level 1 in Invocations
  1595 | D:2      | Reached skill level 1 in Evocations
  1804 | D:2      | Reached XP level 4. HP: 32/32 MP: 8/11
  1816 | D:2      | Noticed Natasha
  1823 | D:2      | Killed Natasha
  1909 | D:2      | Noticed Natasha
  1913 | D:2      | Killed Natasha
  1914 | D:2      | Reached skill level 1 in Hexes
  1914 | D:2      | Reached skill level 1 in Summonings
  1914 | D:2      | Reached skill level 1 in Necromancy
  1914 | D:2      | Reached skill level 1 in Translocations
  1914 | D:2      | Reached skill level 1 in Transmutations
  1914 | D:2      | Reached skill level 1 in Fire Magic
  1914 | D:2      | Reached skill level 1 in Ice Magic
  1914 | D:2      | Reached skill level 1 in Air Magic
  1914 | D:2      | Reached skill level 1 in Earth Magic
  1914 | D:2      | Reached skill level 1 in Poison Magic
  2009 | D:2      | Reached XP level 5. HP: 37/37 MP: 10/12
  2035 | D:2      | Noticed Jessica
  2037 | D:2      | Killed Jessica
  3120 | D:4      | Reached XP level 6. HP: 44/44 MP: 11/13
  3136 | D:4      | Reached skill level 2 in Invocations
  3236 | D:4      | Noticed Eustachio
  3247 | D:4      | Killed Eustachio
  3248 | D:4      | Reached skill level 2 in Fighting
  3248 | D:4      | Reached skill level 2 in Short Blades
  3248 | D:4      | Reached skill level 2 in Long Blades
  3248 | D:4      | Reached skill level 2 in Axes
  3248 | D:4      | Reached skill level 2 in Maces & Flails
  3248 | D:4      | Reached skill level 2 in Polearms
  3248 | D:4      | Reached skill level 2 in Staves
  3248 | D:4      | Reached skill level 2 in Slings
  3248 | D:4      | Reached skill level 2 in Bows
  3248 | D:4      | Reached skill level 2 in Crossbows
  3248 | D:4      | Reached skill level 2 in Throwing
  3248 | D:4      | Reached skill level 2 in Armour
  3248 | D:4      | Reached skill level 5 in Dodging
  3248 | D:4      | Reached skill level 2 in Shields
  3248 | D:4      | Reached skill level 2 in Unarmed Combat
  3248 | D:4      | Reached skill level 2 in Evocations
  3336 | D:4      | Noticed Grinder
  3340 | D:4      | Paralysed by Grinder for 3 turns
  3350 | D:4      | Killed Grinder
  3351 | D:4      | Reached skill level 2 in Hexes
  3351 | D:4      | Reached skill level 2 in Summonings
  3351 | D:4      | Reached skill level 2 in Necromancy
  3351 | D:4      | Reached skill level 2 in Translocations
  3351 | D:4      | Reached skill level 2 in Transmutations
  3351 | D:4      | Reached skill level 2 in Fire Magic
  3351 | D:4      | Reached skill level 2 in Ice Magic
  3351 | D:4      | Reached skill level 2 in Air Magic
  3351 | D:4      | Reached skill level 2 in Earth Magic
  3351 | D:4      | Reached skill level 2 in Poison Magic
  3351 | D:4      | Reached XP level 7. HP: 48/51 MP: 7/15
  3796 | D:5      | Entered Level 5 of the Dungeon
  3797 | D:5      | Noticed a wraith
  3814 | D:5      | HP: 5/51 [wraith (9)]
  3815 | D:5      | Killed a wraith
  3816 | D:5      | Reached skill level 5 in Stealth
  3816 | D:5      | Reached skill level 3 in Invocations
  4074 | D:5      | Found a hazy altar of Hepliaklqana.
  4195 | D:5      | Found a sparkling altar of Nemelex Xobeh.
  4222 | D:5      | Reached XP level 8. HP: 53/57 MP: 13/16
  4520 | D:5      | Reached skill level 3 in Fighting
  4520 | D:5      | Reached skill level 3 in Short Blades
  4520 | D:5      | Reached skill level 3 in Long Blades
  4520 | D:5      | Reached skill level 3 in Axes
  4520 | D:5      | Reached skill level 3 in Maces & Flails
  4520 | D:5      | Reached skill level 3 in Polearms
  4520 | D:5      | Reached skill level 3 in Staves
  4520 | D:5      | Reached skill level 3 in Slings
  4520 | D:5      | Reached skill level 3 in Bows
  4520 | D:5      | Reached skill level 3 in Crossbows
  4520 | D:5      | Reached skill level 3 in Throwing
  4520 | D:5      | Reached skill level 3 in Armour
  4520 | D:5      | Reached skill level 3 in Shields
  4520 | D:5      | Reached skill level 3 in Unarmed Combat
  4520 | D:5      | Reached skill level 3 in Evocations
  4608 | D:5      | Found an opulent altar of Gozag.
  5056 | D:5      | Found a staircase to the Ecumenical Temple.
  5060 | Temple   | Entered the Ecumenical Temple
  5246 | D:6      | Identified +1 acid dragon scales
  5246 | D:6      | Noticed Maggie
  5258 | D:6      | HP: 3/58 [Maggie (4)]
  5258 | D:6      | HP: 1/58 [centaur skeleton (2)]
  5259 | D:6      | Slain by a centaur skeleton

Vanquished Creatures
  Grinder (D:4)
  A wraith (D:5)
  Eustachio (D:4)
  A jelly (D:4)
  2 hounds
  An orc priest (D:6)
  Jessica (D:2)
  Natasha (thrice) (D:2)
  A hound zombie (D:5)
  A hound skeleton (D:5)
  4 adders
  10 gnolls
  A white imp (D:5)
  An adder skeleton (D:4)
  2 worms
  4 dart slugs
  13 orcs
  4 ball pythons
  5 bats
  4 endoplasms
  A giant cockroach (D:2)
  10 goblins
  12 hobgoblins
  3 jackals (D:3)
  6 kobolds
  6 quokkas
  7 frilled lizards
  8 rats
114 creatures vanquished.

Vanquished Creatures (others)
  3 plants (D:5)
3 creatures vanquished.

Grand Total: 117 creatures vanquished
